 Dungeon Crawl Stone Soup version 0.31-a0-1009-g454b1f1e0a (webtiles) character file.

Game seed: 234251336316241661

16354 Chiseanne the Unseen (level 12, -5/59 HPs)
             Began as a Spriggan Brigand on Nov 14, 2023.
             Was an Initiate of Gozag.
             Slain by a fire dragon (12 damage)
             ... on level 13 of the Dungeon on Nov 15, 2023.
             The game lasted 00:53:58 (15658 turns).

Chiseanne the Unseen (Spriggan Brigand)            Turns: 15658, Time: 00:53:59

Health: -5/59      AC:  8    Str:  7    XL:     12   Next: 9%
Magic:  13/13      EV: 26    Int: 14    God:    Gozag
Gold:   287        SH:  7    Dex: 20    Spells: 11/11 levels left

rFire   . . .        a - +1 rapier
rCold   + + .        m - +0 buckler
rNeg    . . .        R - +2 robe {rC+}
rPois   .            (helmet restricted)
rElec   .            x - scarf {shadows}
rCorr   +            (gloves unavailable)
SInv    +            (boots unavailable)
Will    ++...        e - amulet of magic regeneration
Stlth   +++++++      u - ring "Niquloali" {rF+ rC+ AC+4}
HPRegen 0.29/turn    J - ring of Wu Jian's Esteem {rF- rCorr Slay+5}
MPRegen 0.53/turn

%: no passive effects
@: very quick
A: very small, no large weapons, unfitting armour, see invisible, speed 3
a: Renounce Religion, Potion Petition, Call Merchant, Bribe Branch


You were on level 13 of the Dungeon.
You worshipped Gozag.
Gozag was aware of your devotion.
You visited 2 branches of the dungeon, and saw 14 of its levels.
You also visited: Sewer.

You collected 2946 gold pieces.
You spent 1954 gold pieces at shops.
You paid 705 gold pieces to Gozag.

Inventory:

Hand Weapons
 a - a +1 rapier (weapon)
 s - a +2 dagger of protection
 I - a +0 dagger of draining
 M - a +7 spear
Missiles
 d - 20 poisoned darts (quivered)
 g - 121 stones
 o - 3 curare-tipped darts
 A - 9 boomerangs
 F - 2 atropa-tipped darts
Armour
 m - a +0 buckler (worn)
 w - a +2 cloak
 x - a scarf of shadows (worn)
 D - an orb of mayhem
 N - the +0 robe of Fenlale {rF+}
   (You bought it in a shop on level 10 of the Dungeon)

   rF+:       It protects you from fire.
 R - a +2 robe of cold resistance (worn)
Jewellery
 e - an amulet of magic regeneration (around neck)
 u - the ring "Niquloali" (left hand) {rF+ rC+ AC+4}
   (You bought it in a shop on level 9 of the Dungeon)

   [ring of protection]

   AC+4:      It affects your AC (+4).
   rF+:       It protects you from fire.
   rC+:       It protects you from cold.
 G - a +5 ring of evasion
 J - the ring of Wu Jian's Esteem (right hand) {rF- rCorr Slay+5}
   (You bought it in a shop on level 9 of the Dungeon)

   [ring of resist corrosion]

   Slay+5:    It affects your accuracy & damage with ranged weapons and melee
   (+5).
   rF-:       It makes you vulnerable to fire.
   rCorr:     It protects you from acid and corrosion.
 L - a +6 ring of intelligence
 Q - a ring of ice
Talismans
 j - a blade talisman
Wands
 b - a wand of digging (8)
 n - a wand of flame (19)
 E - a wand of mindburst (4)
 O - a wand of paralysis (2)
Scrolls
 h - 6 scrolls of teleportation
 i - a scroll of blinking
 q - a scroll of fear
 y - a scroll of immolation
 C - a scroll of silence
 K - 3 scrolls of amnesia
Potions
 c - 3 potions of resistance
 f - a potion of lignification
 k - 2 potions of mutation
 l - a potion of magic {unknown}
 p - a potion of cancellation {unknown}
 r - 2 potions of heal wounds
 t - 3 potions of haste
 v - 2 potions of enlightenment
 z - 5 potions of curing
 B - a potion of brilliance
 H - a potion of might {unknown}


   Skills:
 * Level 4.8 Fighting
 - Level 2.1 Short Blades
 - Level 2.0 Throwing
 + Level 11.8 Dodging
 - Level 18.2 Stealth
 * Level 9.5 Shields


You had 11 spell levels left.
You didn't know any spells.
Your spell library contained the following spells:

 Spells                   Type           Power      Damage    Failure   Level
 Summon Small Mammal      Summ           0%         N/A       38%         1
 Sublimation of Blood     Necr           0%         N/A       52%         2
 Wereblood                Tmut           0%         N/A       52%         2
 Call Canine Familiar     Summ           0%         N/A       77%         3
 Ignite Poison            Fire/Tmut/Pois 0%         N/A       77%         3
 Ozocubu's Armour         Ice            0%         N/A       77%         3
 Summon Guardian Golem    Hex/Summ       0%         N/A       77%         3
 Sticky Flame             Conj/Fire      0%         2d3       99%         4
 Irradiate                Conj/Tmut      0%         3d11      100%        5
 Ozocubu's Refrigeration  Ice            0%         4d7       100%        7
 Summon Hydra             Summ           0%         N/A       100%        7
 Ignition                 Fire           0%         3d3       100%        8


Dungeon Overview and Level Annotations

Branches:
Dungeon (13/15)            Temple (1/1) D:4            Lair (0/5) D:9
    Orc (0/2) D:12          Sewer (visited)
 Vaults: D:13-14

Altars:
Ashenzari
Cheibriados
Dithmenos
Elyvilon
Fedhas
Gozag
Hepliaklqana
Kikubaaqudgha
Makhleb
Nemelex Xobeh
Okawaru
Qazlal
Ru
Sif Muna
Trog
Uskayaw
Vehumet
Wu Jian
Xom
Yredelemnul
Zin
The Shining One

Shops:
D:8 [   D:9 =   D:10 [

Portals:
Trove: D:12 (give +5 demon trident)

Annotations:
D:8 exclusion: oklob plant


Innate Abilities, Weirdness & Mutations

You are very small and have problems with some larger weapons.
You are too small for most types of armour.
You have supernaturally acute eyesight. (SInv)
You cover ground extremely quickly. (Speed+++)


Message History

Done exploring.
There is an open door here.
There is an open door here.
There is a stone staircase leading down here.
You climb downwards.
There is a stone staircase leading up here.
Done exploring.
There is a stone staircase leading down here.
You climb downwards.
There is a stone staircase leading up, spattered with blood here.
Done exploring.
Things that are here:
a +0 quarterstaff; a +0 shortbow; 4 large rocks
There is a stone staircase leading down here.
You climb downwards.
There is a stone staircase leading up here.
An unseen horror comes into view.
The helpless unseen horror fails to defend itself.
You spit the unseen horror like a pig!!!!
You kill the unseen horror!
You now have 287 gold pieces (gained 5).
Found a club.
You open the door.
There is an open door here.
A fire dragon comes into view.
Found 103 gold pieces.
Okay, then.
Found 120 gold pieces.
The helpless fire dragon fails to defend itself.
You perforate the fire dragon like a sieve!!!!
The fire dragon is almost dead.
The fire dragon breathes flames at you. The blast of flame hits you!!!
Ouch! That really hurt!
* * * LOW HITPOINT WARNING * * *
You hit the fire dragon.
The fire dragon is almost dead.
The fire dragon bites you!
You die...
Your body crumbles into a pile of gold.

.# #.## .# #..# .#
### #..####### .#
..##......... .#
#####..#......... .#
##$$$##.#.########
.# #$$$$$#.#.# .#
#$.D$$#.'.# .#
#$$@.$#.#.## .#
##..$##.#..#######
.#
#..##.##..#.........
.#
#.......##........)
.#
####+#####.........
.# #...###### .#
#...# .# #...# #
#...#


You could see a fire dragon (catching breath).

Vanquished Creatures
  Fannar (D:10)
  A centaur warrior (D:13)
  2 two-headed ogres
  2 boulder beetles (D:11)
  Sonja (D:12)
  An ugly thing (D:12)
  3 cyclopes
  A manticore (D:11)
  A gargoyle (D:10)
  An unseen horror (D:13)
  2 kobold demonologists (D:12)
  Maggie (D:7)
  A komodo dragon (D:10)
  8 trolls
  2 hornets (D:8)
  Prince Ribbit (D:8)
  2 shadows (D:12)
  A vampire (D:12)
  2 wraiths
  5 yaks (D:11)
  3 wyverns
  Eustachio (D:6)
  An acid dragon (D:10)
  2 orc warriors (D:9)
  3 sky beasts
  15 centaurs
  4 kobold brigands
  3 phantoms
  3 bullfrogs
  A gnoll sergeant (D:7)
  5 scorpions
  7 wights
  Crazy Yiuf (D:4)
  3 hounds (D:5)
  A gnoll bouda (D:6)
  A jelly (D:4)
  7 orc priests
  A sleepcap (D:6)
  An iguana (D:5)
  9 orc wizards
  Robin (D:1)
  10 gnolls
  10 adders
  4 river rats (Sewer)
  2 white imps
  4 ufetubi (D:5)
  5 worms
  A dart slug (D:4)
  25 orcs
  8 bats
  5 endoplasms
  2 giant cockroaches
  18 goblins
  14 hobgoblins
  5 jackals
  30 kobolds
  5 quokkas
  15 ball pythons
  7 frilled lizards
  6 rats
288 creatures vanquished.

Vanquished Creatures (others)
  Maurice (D:8)
1 creature vanquished.

Grand Total: 289 creatures vanquished

Notes
Turn   | Place    | Note
-------+----------+-------------------------------------------
     0 | D:1      | Chiseanne the Spriggan Brigand began the quest for the Orb.
     0 | D:1      | Reached XP level 1. HP: 10/10 MP: 2/2
    49 | D:1      | Reached skill level 6 in Stealth
   161 | D:1      | Reached XP level 2. HP: 14/14 MP: 3/3
   261 | D:1      | Found a faded altar of an unknown god.
   717 | D:1      | Reached skill level 7 in Stealth
   720 | D:1      | Reached XP level 3. HP: 18/18 MP: 4/4
   892 | D:2      | Noticed Robin
  1097 | D:1      | Killed Robin
  1333 | D:2      | Reached XP level 4. HP: 20/22 MP: 5/5
  1388 | D:2      | Identified a scroll of acquirement
  1388 | D:2      | Acquired 1019 gold pieces
  1948 | D:3      | Found a broken altar of Ashenzari.
  2322 | D:3      | Reached skill level 8 in Stealth
  2562 | D:3      | Found a glowing drain.
  2577 | Sewer    | Entered a sewer
  2632 | Sewer    | Reached skill level 1 in Shields
  2802 | Sewer    | Reached XP level 5. HP: 25/25 MP: 6/6
  3069 | D:4      | Found a runed translucent door.
  3070 | D:4      | Noticed Crazy Yiuf
  3077 | D:4      | Killed Crazy Yiuf
  3078 | D:4      | Reached skill level 9 in Stealth
  3078 | D:4      | Reached XP level 6. HP: 30/30 MP: 7/7
  3156 | D:4      | Found a bloodstained altar of Trog.
  3505 | D:4      | Found a staircase to the Ecumenical Temple.
  3520 | Temple   | Entered the Ecumenical Temple
  3822 | D:5      | Entered Level 5 of the Dungeon
  3962 | D:5      | Reached XP level 7. HP: 33/33 MP: 8/8
  4098 | D:5      | Found a basalt altar of Yredelemnul.
  4143 | D:5      | Reached skill level 10 in Stealth
  4198 | D:5      | Reached skill level 5 in Dodging
  4282 | D:5      | Found a white marble altar of Elyvilon.
  4730 | D:5      | Reached skill level 11 in Stealth
  4859 | D:5      | Noticed a wyvern
  5013 | D:5      | Killed a wyvern
  5014 | D:5      | Reached XP level 8. HP: 37/37 MP: 9/9
  5475 | D:6      | Found a glowing silver altar of Zin.
  5535 | D:6      | Noticed Eustachio
  5541 | D:6      | Killed Eustachio
  5601 | D:6      | Reached skill level 12 in Stealth
  5748 | D:6      | Found an ornate altar of the Wu Jian Council.
  6264 | D:6      | Found a radiant altar of Vehumet.
  6551 | D:6      | Reached skill level 5 in Shields
  6864 | D:7      | Reached skill level 13 in Stealth
  7117 | D:7      | Reached XP level 9. HP: 22/41 MP: 10/10
  7273 | D:7      | Noticed Maggie
  7317 | D:7      | Killed Maggie
  7465 | D:7      | Found an opulent altar of Gozag.
  7470 | D:7      | Became a worshipper of Gozag Ym Sagoz the Greedy
  7703 | D:8      | Noticed Maurice
  7713 | D:8      | Killed Maurice
  7714 | D:8      | Reached skill level 14 in Stealth
  7928 | D:8      | Found Reset's Antique Armour Boutique.
  7936 | D:8      | Bought an embroidered robe for 88 gold pieces
  8122 | D:8      | Noticed Prince Ribbit
  8284 | D:8      | Noticed a two-headed ogre
  8291 | D:8      | Chiseanne: right
  8301 | D:8      | Killed a two-headed ogre
  8302 | D:8      | Reached skill level 15 in Stealth
  8417 | D:8      | Chiseanne: of course
  8419 | D:8      | Killed Prince Ribbit
  8420 | D:8      | Reached XP level 10. HP: 36/46 MP: 11/11
  8982 | D:8      | Found a sparkling altar of Nemelex Xobeh.
  9076 | D:8      | Found a blossoming altar of Fedhas.
  9098 | D:8      | Noticed an oklob plant
  9368 | D:9      | Bought the ring of Wu Jian's Esteem {rF- rCorr Slay+5} for
                  | 615 gold pieces
  9618 | D:9      | Identified the +7 quarterstaff "Keuh" {protect, rPois rCorr
                  | Int+2}
  9854 | D:9      | Reached skill level 16 in Stealth
  9992 | D:9      | Found a staircase to the Lair.
 10057 | D:9      | Chiseanne: right!
 10201 | D:9      | Found a hide-covered altar of Uskayaw.
 10221 | D:9      | Found a sacrificial altar of Ru.
 10652 | D:10     | Entered Level 10 of the Dungeon
 10792 | D:10     | Found Quum's Antique Armour Shoppe.
 10799 | D:10     | Bought a glimmering robe for 171 gold pieces
 10799 | D:10     | Identified the +0 robe of Fenlale {rF+} (You bought it in a
                  | shop on level 10 of the Dungeon)
 10821 | D:10     | Bought a runed cloak for 225 gold pieces
 10982 | D:10     | Noticed a gargoyle
 10986 | D:10     | Killed a gargoyle
 11335 | D:10     | Noticed a two-headed ogre
 11341 | D:10     | Killed a two-headed ogre
 11342 | D:10     | Reached skill level 10 in Dodging
 11342 | D:10     | Reached skill level 17 in Stealth
 11433 | D:10     | Identified the +3 trident of Sudden Death {freeze, Str+4}
 11514 | D:10     | Found a glowing golden altar of the Shining One.
 11654 | D:10     | Noticed Fannar
 11660 | D:10     | Killed Fannar
 11974 | D:11     | Noticed a cyclops
 11983 | D:10     | Reached XP level 11. HP: 13/49 MP: 12/12
 12179 | D:11     | Identified the +1 helmet of the Barnacle {rPois rCorr}
 12209 | D:11     | Chiseanne: right..another! FUN!
 12306 | D:11     | Chiseanne: of course everything can see you even when
                  | maxxed out! FUCK YOU
 12732 | D:11     | Identified the +3 scale mail of Zusec {Slay+2}
 12741 | D:11     | Noticed a boulder beetle
 12762 | D:11     | Killed a boulder beetle
 12763 | D:11     | Reached skill level 18 in Stealth
 13041 | D:11     | Chiseanne: of what use is this sneak shit when everything
                  | can see you ? its like a magician cannot get his spells
                  | off...fumble chance 98%
 13214 | D:11     | Noticed a boulder beetle
 13220 | D:11     | Killed a boulder beetle
 13387 | D:11     | Chiseanne: there we go
 13474 | D:12     | Noticed a brown ugly thing
 13708 | D:13     | Noticed a centaur warrior
 13712 | D:13     | Killed a centaur warrior
 13750 | D:12     | Found a portal to a secret trove of treasure.
 13895 | D:11     | Chiseanne: oh and "accidentally" the vampire comes around
                  | the corner
 13917 | D:11     | Chiseanne: fuck that rng shit
 14565 | D:12     | Noticed Sonja
 14583 | D:12     | Killed Sonja
 14792 | D:12     | Noticed a sixfirhy
 14798 | D:12     | Reached XP level 12. HP: 15/58 MP: 13/13
 15184 | D:12     | Found a staircase to the Orcish Mines.
 15478 | D:9      | Bought the ring "Niquloali" {rF+ rC+ AC+4} for 855 gold
                  | pieces
 15653 | D:13     | Noticed a fire dragon
 15658 | D:13     | Slain by a fire dragon

Illustrated notes

Levels and vault maps discovered:
D:1:      dpeg_arrival_morbid_curiosity, layout_basic,
          ebering_ecumenical_altar_abandoned
D:2:      layout_loops_ring, serial_bayou_ford_a, uniq_robin
D:3:      minmay_razor_zed, layout_rooms, ashenzari_conservatory_becter,
          portal_sewer_entry_b
D:4:      layout_loops_ring, mainiacjoe_overflow_concentric_impassable,
          minmay_temple_entry_sparse_star, uniq_crazy_yiuf_cottage
D:5:      layout_gridville, kennysheep_ying_yang
D:6:      layout_basic, mainiacjoe_overflow_paths,
          mainiacjoe_overflow_six_doors_small, nzn_wu_jian_council_hall,
          minmay_misc_feat_more_columns, uniq_eustachio
D:7:      layout_basic, mainiacjoe_overflow_alcove_1, uniq_maggie
D:8:      layout_basic, tgw_fedhas, nemelex_altar_shiori, serial_shops,
          nicolae_shop_waterfront, uniq_prince_ribbit1, uniq_maurice
D:9:      layout_long_grid, mainiacjoe_overflow_catch_the_wave, lair_entry_dummy
D:10:     layout_gridville, tso_altar, serial_shops, shop_statue, uniq_fannar
D:11:     layout_long_grid
D:12:     layout_rooms, orc_0_dummy, enter_trove_1, uniq_sonja
D:13:     minmay_the_grid_4x2 [minmay_the_grid_expand, minmay_the_grid_armoury,
          minmay_the_grid_small_cups, minmay_the_grid_holed_spiral,
          minmay_the_grid_dragon_b, minmay_the_grid_aliased_spiral,
          minmay_the_grid_minigrid_small, minmay_the_grid_prize_trominoes],
          layout_long_grid, david_vaults_2, serial_shops, shop, uniq_snorg
Temple:   dpeg_three_leaves_temple

Skill      XL: |  1  2  3  4  5  6  7  8  9 10 11 |
---------------+----------------------------------+-----
Stealth        | 6 7 8 9 11 13 15 17 18 | 18.2
Dodging        | 2 3 4 5 7 8 10 11 | 11.8
Shields        | 1 2 3 5 6 8 9 |  9.5
Fighting       | 4 |  4.8
Short Blades   | |  2.1
Throwing       | |  2.0

Action                     |  1- 3 |  4- 6 |  7- 9 | 10-12 || total
---------------------------+-------+-------+-------+-------++-------
  Melee: Dagger            |   103 |   216 |   315 |    45 ||   679
         Punch             |     2 |       |       |       ||     2
         Rapier            |       |       |       |   400 ||   400
  Throw: Dart              |    21 |    50 |   123 |   128 ||   322
         Throwing net      |       |       |     2 |     3 ||     5
 Invoke: Call Merchant     |       |       |       |     1 ||     1
  Evoke: Wand              |       |       |     3 |     8 ||    11
    Use: Scroll            |     3 |     7 |     8 |     9 ||    27
         Potion            |       |       |       |     3 ||     3
   Stab: Sleeping          |    11 |    30 |    13 |    23 ||    77
         Distracted        |     1 |     4 |       |     4 ||     9
         Held in net/web   |       |       |     1 |     3 ||     4
         Invisible         |       |       |     1 |     6 ||     7
         Paralysed         |       |       |       |     1 ||     1
 Armour: Robe              |    28 |    67 |    69 |   106 ||   270
         Steam dragon scal |       |       |    27 |    45 ||    72
         Skin              |       |       |       |     4 ||     4
  Dodge: Dodged            |    68 |   196 |   247 |   637 ||  1148
  Block: Buckler           |       |    39 |    98 |   229 ||   366

Table legend: (Time is in decaauts)
 A = Elapsed time spent in this place.
 B = Non-inter-level travel time spent in this place.
 C = Inter-level travel time spent in this place.
 D = Time resting spent in this place.
 E = Time spent auto-exploring this place.
 F = Levels seen in this place.
 G = Mean time per level.
                   A        B        C        D        E       F      G
               +--------+--------+--------+--------+--------+-----+--------+
         Total |  11617 |  11155 |    462 |   2333 |   5168 |  15 |  774.5 |
       Dungeon |  11371 |  10909 |    462 |   2333 |   5095 |  13 |  874.7 |
        Temple |      1 |      1 |      0 |      0 |      0 |   1 |    1.0 |
         Sewer |    244 |    244 |      0 |      0 |     73 |   1 |  244.0 |
               +--------+--------+--------+--------+--------+-----+--------+

Top non-repeatable levels by time:
    D:11: 1590 daAuts
     D:8: 1256 daAuts
     D:5: 1185 daAuts
    D:10: 1103 daAuts
     D:9: 979 daAuts
    D:12: 937 daAuts
     D:6: 925 daAuts
     D:7: 721 daAuts
     D:1: 711 daAuts
     D:3: 597 daAuts
     D:2: 566 daAuts
     D:4: 546 daAuts
    D:13: 248 daAuts
   Sewer: 244 daAuts
  Temple: 1 daAuts
